 Dungeon Sprint DCSS version 0.21.0-37-g46506fa (webtiles) character file.

135 wojtek the Cleaver (level 4, -2/67 HPs)
             Began as a Minotaur Berserker on Feb 1, 2018.
             Was a Priest of Trog.
             Slain by a hellwing (3 damage)
             ... summoned by a kobold demonologist
             ... in the Dungeon (Sprint III: "The Ten Rune Challenge").
             The game lasted 00:00:51 (620 turns).

wojtek the Cleaver (Minotaur Berserker)              Turns: 620, Time: 00:00:52

Health: -2/67      AC:  2    Str: 28    XL:     4   Next: 97%
Magic:  3/3        EV: 14    Int:  4    God:    Trog [***...]
Gold:   20         SH:  0    Dex:  9    Spells: 3/3 levels left

rFire    . . .     SeeInvis .   a - +0 hand axe
rCold    . . .     Gourm    .   (no shield)
rNeg     . . .     Faith    .   b - +0 animal skin
rPois    .         Spirit   .   (helmet restricted)
rElec    .         Reflect  .   (no cloak)
rCorr    .         Harm     .   (no gloves)
MR       .....     NoTele   +   (no boots)
Stlth    ..........             (no amulet)
HPRegen  0.21/turn              (no ring)
MPRegen  0.08/turn              (no ring)

@: berserking (expiring), very quick
A: retaliatory headbutt, horns 2
a: Berserk, Trog's Hand, Burn Spellbooks, Renounce Religion


You were in the Dungeon.
You worshipped Trog.
Trog was most pleased with you.
You were hungry.

You visited 1 branch You collected 20 gold pieces.

Inventory:

Hand Weapons
 a - a +0 hand axe (weapon)
Armour
 b - a +0 animal skin (worn)
Scrolls
 i - a scroll of blinking
 j - a scroll of immolation {unknown}
 k - 2 scrolls of identify {unknown}
 l - 3 scrolls of remove curse
 n - a scroll of torment {unknown}
Potions
 d - a potion of curing
 e - a potion of heal wounds
 f - 2 potions of haste
 g - 2 potions of magic
 h - a potion of berserk rage
 m - 2 potions of flight
 o - a potion of agility {unknown}
 p - 6 potions of mutation
Comestibles
 c - 3 rations


   Skills:
 + Level 6.4 Fighting
 * Level 8.3 Axes
 + Level 5.7 Armour
 + Level 5.2 Dodging


You had 3 spell levels left.
You didn't know any spells.

Dungeon Overview and Level Annotations

Branches:
Dungeon (1/1)

Altars:
Kikubaaqudgha
Sif Muna
Vehumet


Innate Abilities, Weirdness & Mutations

You reflexively headbutt those who attack you in melee.
You have a pair of horns on your head.


Message History

Unknown command.
You hit the kobold demonologist.
The kobold demonologist is moderately wounded.
You hit the hellwing but do no damage. You barely miss the smoke demon.
You barely miss the hellwing.
You are engulfed in a cloud of scalding steam.
* * * LOW HITPOINT WARNING * * *
The kobold demonologist is engulfed in a cloud of scalding steam.
The kobold demonologist hits you but does no damage.
The hellwing barely misses you. You furiously retaliate!
You headbutt the hellwing, but do no damage.
The hellwing hits you.
* * * LOW HITPOINT WARNING * * *
The smoke demon gestures at you. Something smites you!
* * * LOW HITPOINT WARNING * * *
The hellwing hits you.
* * * LOW HITPOINT WARNING * * *
The hellwing hits you.
You die...

###....♣.♣ ♣..#
..#....≈♣♣♣♣..###+#+###
..#...≈≈..♣.♣.#........
..#..≈≈≈≈..♣♣.'.⌠......
#'#..≈≈≈≈≈≈.♣.#...####
..#.≈≈≈≈≈≈....#.⌠.#
..#.≈≈≈≈≈.....#...#
..#.≈≈≈.......#'###
###...........#3@:#
..............#4K4#
▓▓▓▓▓▓▓▓▓▓▓▓▓▓▓▓▓▓▓


You could see 2 hellwings, a kobold demonologist and a smoke demon.

Vanquished Creatures
  A water elemental (D)
  Jessica (D)
  A wizard (D)
  A human (D)
  An ooze (D)
  A phantom (D)
  2 rats (D)
8 creatures vanquished.

Vanquished Creatures (others)
  2 draconian scorchers (D)
  6 hellions (D)
  A yaktaur (D)
  2 plants (D)
11 creatures vanquished.

Grand Total: 19 creatures vanquished

Notes
Turn   | Place    | Note
-------+----------+-------------------------------------------
     0 | D        | wojtek the Minotaur Berserker began the quest for the Orb.
     0 | D        | Reached XP level 1. HP: 19/19 MP: 0/0
     5 | D        | Reached skill level 4 in Axes
    11 | D        | Noticed Jessica
    12 | D        | Reached ** piety under Trog
    14 | D        | Killed Jessica
    14 | D        | Reached skill level 5 in Axes
    14 | D        | Reached XP level 2. HP: 16/28 MP: 1/1
    14 | D        | Reached XP level 3. HP: 20/35 MP: 2/2
    93 | D        | Killed a hellion
   110 | D        | Killed a hellion
   112 | D        | Killed a hellion
   113 | D        | Killed a hellion
   121 | D        | Killed a yaktaur
   125 | D        | Killed a hellion
   155 | D        | Killed a white draconian scorcher
   173 | D        | Reached skill level 5 in Fighting
   173 | D        | Reached skill level 6 in Axes
   184 | D        | Killed a hellion
   243 | D        | Killed a white draconian scorcher
   364 | D        | Noticed a water elemental
   368 | D        | Killed a water elemental
   368 | D        | Reached *** piety under Trog
   368 | D        | Reached skill level 7 in Axes
   368 | D        | Reached skill level 5 in Armour
   368 | D        | Reached XP level 4. HP: 13/44 MP: 3/3
   609 | D        | Found a radiant altar of Vehumet.
   610 | D        | Found a deep blue altar of Sif Muna.
   610 | D        | Found an ancient bone altar of Kikubaaqudgha.
   610 | D        | Noticed a wizard
   614 | D        | Noticed a smoke demon
   615 | D        | Killed a wizard
   615 | D        | Reached skill level 8 in Axes
   615 | D        | Reached skill level 5 in Dodging
   616 | D        | Noticed a hellwing
   619 | D        | Noticed a hellwing
   620 | D        | HP: 1/67 [hellwing[a kobold demonologist] (5)]
   620 | D        | Slain by a hellwing

Skill      XL: |  1  2  3  4 |
---------------+-------------+-----
Fighting       | 4 6 |  6.4
Axes           | 5 7 8 |  8.3
Armour         | 4 5 |  5.7
Dodging        | 3 4 5 |  5.2

Action                   |  1- 3 |  4- 6 || total
-------------------------+-------+-------++-------
Melee: Hand axe          |    21 |     8 ||    29
       Headbutt          |     6 |     1 ||     7
Invok: Berserk           |     1 |     1 ||     2
 Stab: Sleeping          |     1 |       ||     1
Armor: Animal skin       |       |     5 ||     5
Dodge: Dodged            |    14 |     7 ||    21
